 Dungeon Crawl Stone Soup version 0.29.0-11-gd7f09526c8 (webtiles) character file.

Game seed: 8410739652721820744

173 greasedhog the Sneak (level 5, -3/28 HPs)
             Began as a Kobold Hedge Wizard on Sept 6, 2022.
             Slain by an orc
             ... wielding a +1 mace of protection
              (8 damage)
             ... on level 4 of the Dungeon.
             The game lasted 00:04:51 (4245 turns).

greasedhog the Sneak (Kobold Hedge Wizard)          Turns: 4245, Time: 00:04:52

Health: -3/28      AC:  3    Str:  7    XL:     5   Next: 83%
Magic:  9/9        EV: 14    Int: 16    God:
Gold:   154        SH:  0    Dex: 16    Spells: 7/10 levels left

rFire   . . .      SeeInvis .   a - +0 dagger (flame)
rCold   . . .      Faith    .   (no shield)
rNeg    . . .      Spirit   .   k - +0 leather armour
rPois   .          Reflect  .   c - +0 hat
rElec   .          Harm     .   (no cloak)
rCorr   .          Rampage  .   (no gloves)
Will    .....                   (no boots)
Stlth   ++++......              (no amulet)
HPRegen 0.09/turn               (no ring)
MPRegen 0.11/turn               (no ring)

@: no status effects
A: small, no large weapons, nightstalker 3
a: no special abilities


You were on level 4 of the Dungeon.
You visited 1 branch of the dungeon, and saw 4 of its levels.

You collected 154 gold pieces.

Inventory:

Hand Weapons
 a - a +0 dagger of flaming (weapon)
 h - a +0 short sword
Armour
 c - a +0 hat (worn)
 k - a +0 leather armour (worn)
 l - a +0 pair of gloves
Jewellery
 o - a ring of poison resistance
Scrolls
 b - a scroll of vulnerability
 i - 2 scrolls of blinking
 m - a scroll of teleportation
 n - a scroll of identify
 p - a scroll of fear
 r - a scroll of immolation {unknown}
Potions
 d - a potion of magic
 e - 2 potions of heal wounds {unknown}
 f - a potion of flight {unknown}
 g - 2 potions of curing {unknown}
 j - a potion of ambrosia {unknown}
 q - a potion of might {unknown}


   Skills:
 * Level 4.5 Short Blades
 - Level 2.4 Dodging
 * Level 6.0 Stealth
 - Level 3.2 Spellcasting
 - Level 1.0 Conjurations
 - Level 1.0 Summonings
 - Level 1.0 Translocations


You had 7 spell levels left.
You knew the following spells:

 Your Spells              Type           Power      Damage    Failure   Level
a - Magic Dart            Conj           20%        1d4       19%         1
b - Blink                 Tloc           10%        N/A       28%         2

Your spell library contained the following spells:

 Spells                   Type           Power      Damage    Failure   Level
 Sandblast                Erth           4%         2d4       28%         1
 Slow                     Hex            8%         N/A       28%         1
 Call Imp                 Summ           5%         N/A       28%         2
 Passwall                 Tmut/Erth      1%         N/A       38%         2
 Sublimation of Blood     Necr           2%         N/A       38%         2
 Wereblood                Tmut           2%         N/A       38%         2
 Conjure Flame            Conj/Fire      4%         6-21      56%         3
 Stone Arrow              Conj/Erth      8%         3d7       56%         3
 Mephitic Cloud           Conj/Pois/Air  3%         N/A       58%         3
 Summon Hydra             Summ           2%         N/A       100%        7


Dungeon Overview and Level Annotations

Branches:
Dungeon (4/15)
 Temple: D:4-7

Altars:
Elyvilon
Kikubaaqudgha
Nemelex Xobeh
Uskayaw
Wu Jian
Yredelemnul

Shops:
D:1 [


Innate Abilities, Weirdness & Mutations

You are small and have problems with some larger weapons.
You are completely attuned to the shadows.


Message History

You hit the orc but do no damage.
The orc is severely wounded.
You hit the orc but do no damage.
The orc is severely wounded.
The orc hits you with a +1 mace of protection.
You barely miss the orc.
The orc is severely wounded.
The orc hits you with a +1 mace of protection.
You hit the orc but do no damage.
The orc is severely wounded.
The orc barely misses you.
You closely miss the orc.
The orc is severely wounded.
The orc barely misses you.
You closely miss the orc.
The orc is severely wounded.
You hit the orc but do no damage.
The orc is severely wounded.
The orc barely misses you.
You hit the orc but do no damage.
The orc is severely wounded.
The orc misses you.
You hit the orc but do no damage.
The orc is severely wounded.
The orc closely misses you.
You hit the orc but do no damage.
The orc is severely wounded.
You hit the orc but do no damage.
The orc is severely wounded.
The orc hits you with a +1 mace of protection.
You hit the orc but do no damage.
The orc is severely wounded.
The orc hits you with a +1 mace of protection.
* * * LOW HITPOINT WARNING * * *
You hit the orc but do no damage.
The orc is heavily wounded.
You hit the orc but do no damage.
The orc is heavily wounded.
The orc hits you with a +1 mace of protection!
You die...

#####
#.@.#
#o#.#
...
.#
####
..
###


You could see an orc.

Vanquished Creatures
  An orc priest (D:3)
  Terence (D:2)
  3 adders
  2 worms (D:3)
  3 dart slugs (D:1)
  4 orcs
  8 ball pythons
  7 bats
  6 endoplasms
  4 giant cockroaches
  9 goblins
  5 hobgoblins
  7 jackals
  6 kobolds
  A quokka (D:3)
  3 frilled lizards (D:1)
  3 rats
73 creatures vanquished.

Notes
Turn   | Place    | Note
-------+----------+-------------------------------------------
     0 | D:1      | greasedhog the Kobold Hedge Wizard began the quest for the
                  | Orb.
     0 | D:1      | Reached XP level 1. HP: 10/10 MP: 4/4
    60 | D:1      | Found Iqu Eqez's Armour Shop.
    99 | D:1      | Reached skill level 1 in Short Blades
    99 | D:1      | Reached skill level 3 in Stealth
   113 | D:1      | Reached XP level 2. HP: 11/15 MP: 6/6
   613 | D:1      | Reached XP level 3. HP: 12/19 MP: 7/7
   885 | D:1      | Reached skill level 4 in Stealth
  1652 | D:1      | Learned a level 2 spell: Blink
  1782 | D:2      | Reached XP level 4. HP: 11/24 MP: 6/8
  2280 | D:2      | Found a faded altar of an unknown god.
  2376 | D:2      | Noticed Terence
  2400 | D:2      | Killed Terence
  2401 | D:2      | Reached skill level 5 in Stealth
  2998 | D:3      | Reached XP level 5. HP: 28/28 MP: 5/9
  3219 | D:3      | Identified the +11 dagger "Vyuhar" {flame, rElec rPois
                  | Dex+4}
  3227 | D:3      | Found a basalt altar of Yredelemnul.
  3296 | D:3      | Found a white marble altar of Elyvilon.
  3508 | D:3      | Found an ornate altar of the Wu Jian Council.
  3509 | D:3      | Found a sparkling altar of Nemelex Xobeh.
  3513 | D:3      | Found a hide-covered altar of Uskayaw.
  3513 | D:3      | Found an ancient bone altar of Kikubaaqudgha.
  4103 | D:4      | Reached skill level 6 in Stealth
  4245 | D:4      | Slain by an orc

Illustrated notes

Levels and vault maps discovered:
D:1:      wander_arrival_estate, layout_loops_ring, serial_shops, shop,
          serial_bayou_ford_a
D:2:      layout_rooms, hellmonk_ecumenical_altar_run_dry, uniq_terence
D:3:      layout_rooms, kennysheep_ying_yang, minitemple
D:4:      layout_loops_corners, serial_shops, shop

Skill      XL: |  1  2  3  4  5 |
---------------+----------------+-----
Short Blades   | 1 2 3 4 |  4.5
Stealth        | 3 4 5 6 |  6.0
Dodging        | |  2.4
Spellcasting   | |  3.2
Conjurations   | |  1.0
Summonings     | |  1.0
Translocations | |  1.0

Action                   |  1- 3 |  4- 6 || total
-------------------------+-------+-------++-------
Melee: Dagger            |    82 |   152 ||   234
       Punch             |     1 |     1 ||     2
       Short sword       |    12 |       ||    12
 Cast: Magic Dart        |    23 |    22 ||    45
  Use: Scroll            |     3 |     4 ||     7
 Stab: Sleeping          |    16 |    13 ||    29
       Distracted        |       |     1 ||     1
Armor: Robe              |     8 |     5 ||    13
       Leather armour    |       |    10 ||    10
Dodge: Dodged            |    68 |    83 ||   151
